 Dungeon Crawl Stone Soup version 0.27.1-34-g3ba077fa99 (webtiles) character file.

Game seed: 2082720906484929099

70 cbfl8 the Sneak (level 4, -3/40 HPs)
             Began as a Minotaur Delver on Jan 24, 2022.
             Was an Initiate of Yredelemnul.
             Slain by Menkaure (9 damage)
             ... on level 5 of the Dungeon.
             The game lasted 00:05:01 (1464 turns).

cbfl8 the Sneak (Minotaur Delver)                   Turns: 1464, Time: 00:05:02

Health: -3/40      AC:  3    Str: 16    XL:     4   Next: 4%
Magic:  3/3        EV: 12    Int:  8    God:    Yredelemnul [......]
Gold:   95         SH:  0    Dex: 12    Spells: 3/3 levels left

rFire    . . .     SeeInvis .   a - +0 hand axe
rCold    . . .     Faith    .   (no shield)
rNeg     . . .     Spirit   .   b - +0 leather armour
rPois    .         Reflect  .   (helmet restricted)
rElec    .         Harm     .   (no cloak)
rCorr    .         Rampage  .   (no gloves)
Will     .....                  (no boots)
Stlth    ++........             (no amulet)
HPRegen  0.13/turn              (no ring)
MPRegen  0.08/turn              (no ring)

@: no status effects
A: horns 2, retaliatory headbutt
a: Renounce Religion


You were on level 5 of the Dungeon.
You worshipped Yredelemnul.
Yredelemnul was noncommittal.
You visited 1 branch of the dungeon, and saw 2 of its levels.
You also visited: Sewer.

You collected 95 gold pieces.

Inventory:

Hand Weapons
 a - a +0 hand axe (weapon)
Armour
 b - a +0 leather armour (worn)
Wands
 d - a wand of iceblast (6)
 g - a wand of digging (3)
Scrolls
 c - a scroll of fog
 e - a scroll of blinking {unknown}
 h - a scroll of enchant armour {unknown}
 i - a scroll of summoning {unknown}
 j - a scroll of enchant weapon {unknown}
 k - a scroll of torment {unknown}
 n - 2 scrolls of noise
Potions
 f - a potion of haste
 l - a potion of cancellation {unknown}
 m - a potion of magic
 o - a potion of mutation
 p - a potion of invisibility {unknown}


   Skills:
 + Level 4.1 Fighting
 + Level 3.1 Axes
 + Level 0.3 Armour
 + Level 2.5 Dodging
 + Level 4.8 Stealth


You had 3 spell levels left.
You didn't know any spells.
Your spell library was empty.

Dungeon Overview and Level Annotations

Branches:
Dungeon (6/15)              Sewer (visited)
 Temple: D:4-7

Altars:
Yredelemnul

Annotations:
D:5 Blork the orc, Menkaure


Innate Abilities, Weirdness & Mutations

You have a pair of horns on your head.
You reflexively headbutt those who attack you in melee.


Message History

Found 29 stones.
There is an open door here.
You open the door.
A hound comes into view.
Found 11 gold pieces.
There is an open door here.
Menkaure, Prince of Dust comes into view.
Found a stone staircase leading down.
Menkaure hits you but does no damage.
You hit Menkaure.
Menkaure is lightly damaged.
You completely miss the bullfrog zombie.
The bullfrog zombie barely misses you. Menkaure breathes soot at you.
Menkaure hits you!
You hit Menkaure.
You headbutt Menkaure, but do no damage.
Menkaure is moderately damaged.
You barely miss the bullfrog zombie.
The bullfrog zombie completely misses you.
The hound barely misses you.
The bullfrog zombie hits you but does no damage.
You hit Menkaure but do no damage.
Menkaure is moderately damaged.
You hit the bullfrog zombie but do no damage.
You hit the hound. The hound barely misses you. The bullfrog zombie hits you.
Menkaure hits you. The hound closely misses you.
As you read the scroll of fog, it crumbles to dust.
The scroll dissolves into smoke.
The bullfrog zombie hits you.
* * * LOW HITPOINT WARNING * * *
The hound bites you but does no damage.
Menkaure mumbles some strange words.
Menkaure seems to speed up.
The bullfrog zombie hits you but does no damage.
Okay, then.
It was a potion of magic.
Magic courses through your body. The hound bites you.
* * * LOW HITPOINT WARNING * * *
Menkaure hits you!
You die...
Your body rises from the dead as a mindless zombie.

.#..#......r*,,*
.#..#.......*,,***
.'..'###+###+,,+,*
.#..#.'...+.#,,*,*
.#..#.#...#.#,,*,*#######
.'##+.#._.#.+##+,,......#
.#..#.#...#.#..###......# ***
.#..#.+...'.#.§#§#......# *,*
.+,(+###+###'.§Z@M§.....# ***,*
##,.#O...(..#..#h#......#**,,,***
*,,#.......#..#§###.####,,,,,,,,
***+###+###+###.#*<,#,,,,,,,,,**
*##<,,**,* *,,,...*,,,,,,,,,*,***
*..,*,,,,* *,,,..$****,****,*,* *
*.#**,##****,,.^..#**,,,,,,,,,***
*.#**...,,,,,,>....**,,****,****,
#.##....*****,,,,*,,,,,* *,* *,*


You could see Menkaure (fast), a hound and a bullfrog zombie.

Vanquished Creatures
  A centaur skeleton (D:5)
  An adder (D:5)
  A worm (Sewer)
  2 ball pythons (Sewer)
  5 endoplasms (Sewer)
  A giant cockroach (Sewer)
  4 jackals (Sewer)
  2 quokkas (Sewer)
  6 bats (Sewer)
  A frilled lizard (Sewer)
24 creatures vanquished.

Notes
Turn   | Place    | Note
-------+----------+-------------------------------------------
     0 | D:5      | cbfl8 the Minotaur Delver began the quest for the Orb.
     0 | D:5      | Reached XP level 1. HP: 19/19 MP: 0/0
    13 | D:5      | Noticed a sky beast
    42 | D:5      | Reached XP level 2. HP: 23/27 MP: 1/1
    42 | D:5      | Reached XP level 3. HP: 28/33 MP: 2/2
    56 | D:5      | Noticed Blork the orc
   223 | D:5      | Found a glowing drain.
   240 | Sewer    | Entered a sewer
   956 | Sewer    | Reached XP level 4. HP: 27/40 MP: 3/3
  1438 | D:5      | Found a basalt altar of Yredelemnul.
  1444 | D:5      | Became a worshipper of Yredelemnul the Dark
  1452 | D:5      | Noticed an ogre
  1457 | D:5      | Noticed Menkaure
  1464 | D:5      | Slain by Menkaure

Illustrated notes

Levels and vault maps discovered:
D:5:      layout_rooms, grunt_temple_overflow_opulence,
          mainiacjoe_overflow_24_doors, portal_sewer_entry_d, uniq_menkaure,
          uniq_blork_the_orc
D:6:      layout_cave_pools, minmay_temple_entry_waves, uniq_pikel, uniq_sigmund

Skill      XL: |  1  2  3 |
---------------+----------+-----
Fighting       | 4 |  4.1
Axes           | 3 |  3.1
Armour         | |  0.3
Dodging        | |  2.5
Stealth        | |  4.8

Action                   |  1- 3 |  4- 6 || total
-------------------------+-------+-------++-------
Melee: Hand axe          |    65 |     5 ||    70
       Headbutt          |     8 |     2 ||    10
  Use: Scroll            |     2 |     1 ||     3
       Potion            |     1 |     5 ||     6
 Stab: Sleeping          |     1 |       ||     1
Armor: Leather armour    |    38 |     4 ||    42
Dodge: Dodged            |    63 |     5 ||    68
